 Dungeon Crawl Stone Soup version 0.30-a0-55-g90e3122c3a (webtiles) character file.

Game seed: 15570377416289294941

1325 AarnesTheHuman the Trooper (level 8, -1/73 (83) HPs)
             Began as an Ogre Gladiator on Sept 9, 2022.
             Slain by a wight
             ... wielding a +3 short sword
              (3 damage)
             ... on level 5 of the Dungeon.
             The game lasted 00:11:06 (7231 turns).

AarnesTheHuman the Trooper (Ogre Gladiator)         Turns: 7231, Time: 00:11:08

HP:   -1/73 (83)    AC:  6    Str: 21    XL:     8   Next: 60%
MP:   8/8           EV:  8    Int:  9    God:
Gold: 365           SH:  9    Dex: 10    Spells: 7/7 levels left

rFire   . . .      SeeInvis .    a - +2 hand axe (freeze)
rCold   + . .      Faith    .    E - +1 kite shield
rNeg    . . .      Spirit   .    c - +0 robe
rPois   .          Reflect  .    p - +2 hat
rElec   .          Harm     .    g - +0 cloak
rCorr   .          Rampage  .    (gloves unavailable)
Will    .....                    (boots unavailable)
Stlth   +.........               (no amulet)
HPRegen 0.22/turn                A - ring of protection from cold
MPRegen 0.11/turn                (no ring)

@: heavily drained
A: large, unfitting armour, tough skin 1
a: no special abilities


You were on level 5 of the Dungeon.
You visited 1 branch of the dungeon, and saw 6 of its levels.

You collected 365 gold pieces.

Inventory:

Hand Weapons
 a - a +2 hand axe of freezing (weapon)
 b - a +2 sling of flaming
 j - a +0 dagger
 o - a +0 flail
 s - a +1 antimagic dagger
Missiles
 d - 2 throwing nets
 e - a large rock
 f - 7 poisoned darts
 h - 31 stones (quivered)
Armour
 c - a +0 robe (worn)
 g - a +0 cloak (worn)
 p - a +2 hat (worn)
 E - a +1 kite shield (worn)
Jewellery
 k - an amulet of magic regeneration
 y - a ring of protection from fire
 A - a ring of protection from cold (left hand)
 H - a +6 ring of dexterity
Wands
 B - a wand of charming (5)
Scrolls
 m - 2 scrolls of identify
 q - 2 scrolls of butterflies
 v - 7 scrolls of teleportation
 x - a scroll of amnesia
 G - a scroll of enchant weapon
Potions
 i - a potion of might
 l - a potion of resistance {unknown}
 n - 4 potions of attraction
 r - 2 potions of berserk rage {unknown}
 t - 2 potions of brilliance {unknown}
 u - a potion of cancellation {unknown}
 w - 2 potions of haste {unknown}
 z - 7 potions of curing {unknown}
 C - 2 potions of lignification
 D - 2 potions of heal wounds {unknown}
 F - a potion of invisibility {unknown}


   Skills:
 - Level 6.0 Fighting
 + Level 4.5(5.2) Axes
 - Level 3.5(4.4) Maces & Flails
 - Level 3.0 Ranged Weapons
 - Level 5.0 Throwing
 - Level 2.6 Dodging
 - Level 4.0 Shields


You had 7 spell levels left.
You didn't know any spells.
Your spell library contained the following spells:

 Spells                   Type           Power      Damage    Failure   Level
 Summon Small Mammal      Summ           0%         N/A       67%         1
 Call Imp                 Summ           0%         N/A       80%         2
 Static Discharge         Conj/Air       0%         3-3/arc   80%         2
 Spider Form              Tmut/Pois      0%         N/A       95%         3
 Dispel Undead            Necr           0%         3d6       100%        4
 Sticky Flame             Conj/Fire      0%         2d3       100%        4
 Yara's Violent Unravell  Hex/Tmut       0%         3d3       100%        5
 Summon Horrible Things   Summ           0%         N/A       100%        8


Dungeon Overview and Level Annotations

Branches:
Dungeon (6/15)
 Temple: D:4-7

Altars:
Nemelex Xobeh
Sif Muna
Zin

Annotations:
D:5 exclusion: downstairs
D:6 exclusion: steam dragon


Innate Abilities, Weirdness & Mutations

You are too large for most types of armour.
You have tough skin. (AC +1)


Message History

The wight hits you but does no damage. You block the wight's attack. x2
The wight hits you with a +0 falchion!
You feel drained. The wight hits you but does no damage.
You block the wight's attack.
You are too injured to fight recklessly!
You are too injured to fight recklessly!
You hit the wight but do no damage.
The wight is lightly damaged.
You hit the wight. x2; You block the wight's attack.
The wight hits you with a +3 short sword.
You feel drained.
The wight hits you with a +4 mace of freezing!
You feel drained. The wight freezes you.
You hit the wight.
The wight is moderately damaged.
You hit the wight. You closely miss the wight. You block the wight's attack. x2
The wight hits you with a +4 mace of freezing.
* * * LOW HITPOINT WARNING * * *
You feel drained.
* * * LOW HITPOINT WARNING * * *
The wight freezes you.
* * * LOW HITPOINT WARNING * * *
You hit the wight.
The wight is moderately damaged.
You barely miss the wight. You hit the wight but do no damage.
The wight hits you with a +0 falchion.
* * * LOW HITPOINT WARNING * * *
You feel drained.
* * * LOW HITPOINT WARNING * * *
You block the wight's attack. x2
You slash the wight!
You destroy the wight!
You hit the wight. You hit the wight but do no damage.
The wight hits you with a +3 short sword.
* * * LOW HITPOINT WARNING * * *
You block the wight's attack.
You barely miss the wight.
The wight is lightly damaged.
You hit the wight but do no damage.
The wight hits you with a +3 short sword.
You die...

#...##.....###...###'##..##...#
##+###......+.....#.[#........#
##..##......#.....#..#........#
##..############.....#........#
'...##....####..######.#'##...#
#................# #...##..##
##..##...........# #...#####
######.........)z# #....#
...............z@# #....#
##...)...........# #....#
######..######..## ##..##
##..##..######..## ####
)...#........#...#
....#........#...#
##<.#........#..##
##..'........#...#
##'#######.###...#


You could see 2 wights.

Vanquished Creatures
  An orc warrior (D:5)
  An ogre (D:5)
  3 bullfrogs
  3 scorpions
  2 wights (D:5)
  5 hounds
  4 orc priests
  2 iguanas
  Natasha (thrice) (D:2)
  6 orc wizards
  Robin (D:2)
  A worm (D:2)
  A dart slug (D:5)
  29 orcs
  4 ball pythons
  5 endoplasms
  5 giant cockroaches
  10 goblins
  4 hobgoblins
  10 jackals
  5 quokkas
  4 bats
  3 frilled lizards (D:1)
  5 kobolds
  2 rats (D:1)
119 creatures vanquished.

Notes
Turn   | Place    | Note
-------+----------+-------------------------------------------
     0 | D:1      | AarnesTheHuman the Ogre Gladiator began the quest for the
                  | Orb.
     0 | D:1      | Reached XP level 1. HP: 22/22 MP: 1/1
   150 | D:1      | Reached XP level 2. HP: 22/29 MP: 2/2
   425 | D:1      | Found a faded altar of an unknown god.
   725 | D:2      | Noticed Natasha
   732 | D:2      | Killed Natasha
   733 | D:2      | Reached skill level 1 in Axes
   733 | D:2      | Reached XP level 3. HP: 27/36 MP: 3/3
  1039 | D:2      | Noticed Natasha
  1048 | D:2      | Reached skill level 1 in Ranged Weapons
  1054 | D:2      | Killed Natasha
  1055 | D:2      | Reached XP level 4. HP: 18/44 MP: 4/4
  1082 | D:2      | Noticed Natasha
  1098 | D:2      | Killed Natasha
  1523 | D:2      | Got the Precepts of Congregated Forms
  1740 | D:2      | Noticed Robin
  1751 | D:2      | Reached XP level 5. HP: 44/50 MP: 5/5
  1756 | D:2      | Killed Robin
  2981 | D:3      | Found a sparkling altar of Nemelex Xobeh.
  2981 | D:3      | Found a shimmering blue altar of Sif Muna.
  2985 | D:3      | Found a glowing silver altar of Zin.
  3138 | D:4      | Reached skill level 1 in Shields
  3138 | D:4      | Reached XP level 6. HP: 17/59 MP: 6/6
  3740 | D:5      | Entered Level 5 of the Dungeon
  4031 | D:5      | Reached XP level 7. HP: 50/66 MP: 7/7
  4393 | D:5      | Reached skill level 3 in Fighting
  4431 | D:5      | Reached skill level 4 in Fighting
  4555 | D:5      | Reached skill level 5 in Fighting
  5319 | D:6      | Reached skill level 6 in Fighting
  5471 | D:6      | Reached XP level 8. HP: 39/83 MP: 8/8
  6389 | D:6      | Reached skill level 5 in Throwing
  7230 | D:5      | HP: 2/71 [wight/+3 short sword (6)]
  7231 | D:5      | Slain by a wight

Illustrated notes

Levels and vault maps discovered:
D:1:      dpeg_arrival_tiny_h, layout_rooms, basic_ecumenical_altar
D:2:      layout_basic, minmay_misc_feat_secret_circle, uniq_natasha, uniq_robin
D:3:      layout_loops_ring, grunt_temple_overflow_diamond, st_stairs_4
D:4:      layout_rooms
D:5:      layout_gridville
D:6:      layout_gridville, minmay_crystal_room

Skill      XL: |  1  2  3  4  5  6  7  8 |
---------------+-------------------------+-----
Maces & Flails | 3 |  3.5
Axes           | 1 2 3 4 |  4.5
Ranged Weapons | 1 2 3 |  3.0
Shields        | 1 3 4 |  4.0
Fighting       | 6 |  6.0
Throwing       | 3 5 |  5.0
Dodging        | |  2.6

Action                   |  1- 3 |  4- 6 |  7- 9 || total
-------------------------+-------+-------+-------++-------
Melee: Flail             |    45 |       |       ||    45
       Hand axe          |    32 |   168 |   148 ||   348
       Dagger            |       |       |    18 ||    18
 Fire: Sling             |       |       |     3 ||     3
Throw: Dart              |       |     1 |     6 ||     7
       Throwing net      |       |       |     1 ||     1
       Stone             |       |       |     2 ||     2
       Large rock        |       |       |     1 ||     1
  Use: Scroll            |       |    12 |     1 ||    13
 Stab: Held in net/web   |       |       |     1 ||     1
Armor: Robe              |    29 |    93 |    61 ||   183
Dodge: Dodged            |    46 |    87 |    61 ||   194
Block: Kite shield       |       |    13 |   114 ||   127

Table legend: (Time is in decaauts)
 A = Elapsed time spent in this place.
 B = Non-inter-level travel time spent in this place.
 C = Inter-level travel time spent in this place.
 D = Time resting spent in this place.
 E = Time spent auto-exploring this place.
 F = Levels seen in this place.
 G = Mean time per level.
                   A        B        C        D        E       F      G
               +--------+--------+--------+--------+--------+-----+--------+
         Total |   7313 |   7102 |    211 |   1369 |   4574 |   6 | 1218.8 |
       Dungeon |   7313 |   7102 |    211 |   1369 |   4574 |   6 | 1218.8 |
               +--------+--------+--------+--------+--------+-----+--------+

Top non-repeatable levels by time:
     D:5: 2027 daAuts
     D:2: 1399 daAuts
     D:6: 1363 daAuts
     D:3: 1235 daAuts
     D:1: 702 daAuts
     D:4: 584 daAuts
